 Dungeon Crawl Stone Soup version 0.31-a0-182-gc5ef74bbde (webtiles) character file.

Game seed: 2464371576874377368

133 qw the Shooter (level 5, -1/49 HPs)
             Began as a Naga Hunter on June 20, 2023.
             Slain by an orc
             ... wielding a +0 mace
              (5 damage)
             ... on level 3 of the Dungeon.
             The game lasted 00:00:46 (1474 turns).

qw the Shooter (Naga Hunter)                        Turns: 1474, Time: 00:00:46

Health: -1/49      AC:  8    Str: 14    XL:     5   Next: 16%
Magic:  5/5        EV:  8    Int:  9    God:
Gold:   23         SH:  0    Dex: 16    Spells: 4/4 levels left

rFire   . . .        Y - +0 shortbow
rCold   . . .        (shield currently unavailable)
rNeg    + . .        i - +1 ring mail {rPois}
rPois   +            (no helmet)
rElec   .            (no cloak)
rCorr   .            d - +2 pair of gloves
SInv    +            (no barding)
Will    .....        (no amulet)
Stlth   +            b - ring of positive energy
HPRegen 0.28/turn    (no ring)
MPRegen 0.09/turn

%: no passive effects
@: about to teleport, very slow
A: AC +1, large, see invisible, deformed body, poison resistance, slowness 2,
spit poison 1, naga tail 1
a: Spit Poison


You were on level 3 of the Dungeon.
You visited 1 branch of the dungeon, and saw 3 of its levels.

You collected 135 gold pieces.
You spent 112 gold pieces at shops.


Innate Abilities, Weirdness & Mutations

Your serpentine skin is tough. (AC +1)
You have supernaturally acute eyesight. (SInv)
Armour fits poorly on your strangely shaped body.
Your system is resistant to poisons. (rPois)
You cover ground very slowly.
You can spit poison.
You have a snake-like lower body.


   Skills:
 - Level 3.4 Fighting
 - Level 5.0 Ranged Weapons
 + Level 0.6 Armour
 - Level 1.5 Dodging
 - Level 1.5 Stealth


You had 4 spell levels left.
You didn't know any spells.
Your spell library was empty.

Inventory:

Hand Weapons
 Y - a +0 shortbow (weapon)
Armour
 d - a +2 pair of gloves (worn)
 i - a +1 ring mail of poison resistance (worn)
Jewellery
 b - a ring of positive energy (left hand)
Scrolls
 a - 7 scrolls of identify
Potions
 e - 2 potions of attraction {unknown}

Dungeon Overview and Level Annotations

Branches:
Dungeon (3/15)

Altars:

Shops:
D:3 ?


Message History

The orc hits you but does no damage. The adder barely misses you.
You shoot an arrow. The arrow closely misses the adder.
The adder bites you. The orc hits you with a +0 mace. The adder bites you.
You are poisoned.
The adder poisons you!
You shoot an arrow. The arrow hits the adder.
The adder is lightly wounded.
You have got your breath back.
You feel sick.
A kobold comes into view. It is wielding a +0 dagger.
The orc hits you with a +0 mace. The adder bites you but does no damage.
The orc barely misses you.
The kobold moves out of view.
1469 ||| INVOKING Spit Poison.
Aiming: Spit Poison (1% risk of failure)
Press: ? - help, Shift-Dir - straight line, f/p - adder The splash of poison misses the adder.
You feel sick. The adder completely misses you.
The orc hits you with a +0 mace. The adder barely misses you.
You shoot an arrow. The arrow barely misses the adder.
You feel sick. The adder bites you but does no damage.
The orc hits you but does no damage.
You shoot an arrow. The arrow hits the adder.
The adder is heavily wounded.
You feel sick.
You are no longer poisoned.
The adder bites you but does no damage. The orc hits you with a +0 mace.
The orc closely misses you. The adder bites you but does no damage.
You shoot an arrow. The arrow closely misses the adder.
The adder bites you. The orc hits you with a +0 mace.
The adder bites you but does no damage.
1473 ||| READING scroll of teleportation.
As you read the scroll of teleportation, it crumbles to dust.
You feel strangely unstable. The orc hits you with a +0 mace.
The orc hits you with a +0 short sword. The adder bites you but does no damage.
You shoot an arrow. The arrow closely misses the adder.
You have got your breath back.
The orc closely misses you. The orc barely misses you. The adder bites you.
The orc hits you with a +0 mace.
You die...

# #.##..#.# #.
#.###.#.# #.###.#
#.#.# ###.....###.).#
..........###..#
........#.# #..## #
......##..# #...## ##
.....#.#o.# ##...# #.
...## #)@.# #.#.# ##.
..# #.o)S# #.#.###
#.. .# #....#
#.#...####.# #.....#
#..<##.#....#
#......#
#..###.#.####
........#........>.#
...........#.#.######
.##....... ..# . ##


You could see an adder and 2 orcs.

Vanquished Creatures
  Ijyb (D:3)
  Jessica (D:3)
  2 adders (D:2)
  A dart slug (D:2)
  3 orcs
  6 ball pythons
  3 bats
  3 endoplasms
  A giant cockroach (D:2)
  5 goblins
  7 hobgoblins
  A jackal (D:2)
  5 kobolds
  5 quokkas
  5 frilled lizards
  6 rats
55 creatures vanquished.

Notes
Turn   | Place    | Note
-------+----------+-------------------------------------------
     0 | D:1      | qw the Naga Hunter began the quest for the Orb.
     0 | D:1      | Reached XP level 1. HP: 19/19 MP: 1/1
     0 | D:1      | 0 ||| qw: Version: 0.3-a-9-g12657ce
     0 | D:1      | 0 ||| qw: Game counter: 1220
     0 | D:1      | 0 ||| qw: Always use a shield: true
     0 | D:1      | 0 ||| qw: God list: Okawaru
     0 | D:1      | 0 ||| qw: Allow faded altars: false
     0 | D:1      | 0 ||| qw: Do Orc after D:15 true
     0 | D:1      | 0 ||| qw: Do second Lair branch before Depths: true
     0 | D:1      | 0 ||| qw: Lair rune preference: random
     0 | D:1      | 0 ||| qw: Plans: Normal
     0 | D:1      | 0 ||| PLANNING D:1-11
    28 | D:1      | 28 ||| INVOKING Spit Poison.
    35 | D:1      | 35 ||| INVOKING Spit Poison.
    41 | D:1      | 41 ||| INVOKING Spit Poison.
    48 | D:1      | Found a faded altar of an unknown god.
    85 | D:1      | 85 ||| INVOKING Spit Poison.
    86 | D:1      | Reached skill level 4 in Ranged Weapons
    86 | D:1      | Reached XP level 2. HP: 26/26 MP: 2/2
   121 | D:1      | 121 ||| INVOKING Spit Poison.
   209 | D:1      | 209 ||| INVOKING Spit Poison.
   255 | D:1      | 255 ||| INVOKING Spit Poison.
   323 | D:1      | 323 ||| INVOKING Spit Poison.
   324 | D:1      | 324 ||| INVOKING Spit Poison.
   381 | D:1      | 381 ||| INVOKING Spit Poison.
   387 | D:1      | 387 ||| INVOKING Spit Poison.
   428 | D:1      | 428 ||| UPGRADING to +2 pair of gloves.
   433 | D:1      | 433 ||| DROPPING +1 pair of gloves.
   434 | D:1      | 434 ||| UPGRADING to +1 ring mail of poison resistance.
   444 | D:1      | 444 ||| DROPPING +0 leather armour.
   445 | D:1      | 445 ||| READING 2 scrolls labelled VUZUEMNEEBI.
   446 | D:1      | 446 ||| READING scroll labelled NEUNEAWAOC.
   449 | D:1      | 449 ||| READING scroll labelled UCKUNARINN.
   497 | D:1      | 497 ||| DROPPING scroll of butterflies.
   508 | D:2      | 508 ||| INVOKING Spit Poison.
   512 | D:2      | 512 ||| INVOKING Spit Poison.
   516 | D:2      | 516 ||| INVOKING Spit Poison.
   520 | D:2      | 520 ||| INVOKING Spit Poison.
   530 | D:2      | 530 ||| INVOKING Spit Poison.
   533 | D:2      | Reached XP level 3. HP: 32/32 MP: 3/3
   564 | D:2      | 564 ||| INVOKING Spit Poison.
   565 | D:2      | 565 ||| INVOKING Spit Poison.
   569 | D:2      | 569 ||| INVOKING Spit Poison.
   598 | D:2      | 598 ||| READING scroll labelled CAAJENE DIRI.
   601 | D:2      | 601 ||| INVOKING Spit Poison.
   609 | D:2      | 609 ||| INVOKING Spit Poison.
   677 | D:2      | 677 ||| INVOKING Spit Poison.
   722 | D:2      | 722 ||| INVOKING Spit Poison.
   728 | D:2      | 728 ||| INVOKING Spit Poison.
   775 | D:2      | 775 ||| INVOKING Spit Poison.
   795 | D:2      | 795 ||| INVOKING Spit Poison.
   798 | D:2      | 798 ||| INVOKING Spit Poison.
   865 | D:2      | 865 ||| INVOKING Spit Poison.
   903 | D:2      | 903 ||| INVOKING Spit Poison.
   908 | D:2      | 908 ||| INVOKING Spit Poison.
   972 | D:2      | 972 ||| INVOKING Spit Poison.
   977 | D:2      | Reached skill level 5 in Ranged Weapons
  1022 | D:2      | 1022 ||| INVOKING Spit Poison.
  1024 | D:2      | Reached XP level 4. HP: 39/39 MP: 4/4
  1156 | D:2      | 1156 ||| UPGRADING to ring of positive energy.
  1157 | D:2      | 1157 ||| READING scroll labelled LOACECVAUV.
  1158 | D:2      | 1158 ||| DRINKING 2 amethyst potions.
  1159 | D:2      | 1159 ||| DRINKING 2 bubbling grey potions.
  1183 | D:2      | 1183 ||| DROPPING potion of invisibility.
  1184 | D:2      | 1184 ||| DROPPING potion of lignification.
  1212 | D:3      | Found Bigiud's Magic Scroll Shop.
  1218 | D:3      | 1218 ||| BUYING scroll of identify (28 gold).
  1218 | D:3      | Bought a scroll of identify for 28 gold pieces
  1218 | D:3      | 1218 ||| BUYING scroll of identify (28 gold).
  1218 | D:3      | Bought a scroll of identify for 28 gold pieces
  1218 | D:3      | 1218 ||| BUYING scroll of identify (28 gold).
  1218 | D:3      | Bought a scroll of identify for 28 gold pieces
  1218 | D:3      | 1218 ||| BUYING scroll of identify (28 gold).
  1218 | D:3      | Bought a scroll of identify for 28 gold pieces
  1218 | D:3      | 1218 ||| SHOPLISTING scroll of identify (28 gold, have 1).
  1218 | D:3      | 1218 ||| SHOPLISTING scroll of teleportation (42 gold, have
                  | 1).
  1269 | D:3      | 1269 ||| INVOKING Spit Poison.
  1270 | D:3      | Noticed Jessica
  1275 | D:3      | 1275 ||| INVOKING Spit Poison.
  1276 | D:3      | Killed Jessica
  1306 | D:3      | Noticed Ijyb
  1308 | D:3      | 1308 ||| INVOKING Spit Poison.
  1314 | D:3      | 1314 ||| INVOKING Spit Poison.
  1314 | D:3      | Paralysed by Ijyb for 5 turns
  1319 | D:3      | 1319 ||| INVOKING Spit Poison.
  1323 | D:3      | 1323 ||| INVOKING Spit Poison.
  1324 | D:3      | Killed Ijyb
  1325 | D:3      | Reached skill level 3 in Fighting
  1325 | D:3      | Reached XP level 5. HP: 46/49 MP: 5/5
  1369 | D:3      | 1369 ||| INVOKING Spit Poison.
  1375 | D:3      | 1375 ||| INVOKING Spit Poison.
  1440 | D:3      | 1440 ||| INVOKING Spit Poison.
  1443 | D:3      | 1443 ||| INVOKING Spit Poison.
  1446 | D:3      | 1446 ||| INVOKING Spit Poison.
  1450 | D:3      | 1450 ||| INVOKING Spit Poison.
  1453 | D:3      | 1453 ||| INVOKING Spit Poison.
  1457 | D:3      | 1457 ||| INVOKING Spit Poison.
  1460 | D:3      | 1460 ||| INVOKING Spit Poison.
  1463 | D:3      | 1463 ||| INVOKING Spit Poison.
  1466 | D:3      | 1466 ||| INVOKING Spit Poison.
  1469 | D:3      | 1469 ||| INVOKING Spit Poison.
  1472 | D:3      | HP: 11/49 [orc/+0 mace (4)]
  1473 | D:3      | 1473 ||| READING scroll of teleportation.
  1473 | D:3      | HP: 5/49 [orc/+0 short sword (2)]
  1474 | D:3      | Slain by an orc

Levels and vault maps discovered:
D:1:      wander_arrival_abandoned_jail, layout_rooms,
          ebering_ecumenical_altar_petrified, amcnicky_mini_rare_corridor_liquid
D:2:      minmay_wonky_spiral, layout_loops_ring, serial_bayou_lagoon_a
D:3:      layout_basic, serial_shops, shop, minmay_misc_feat_secret_circle,
          uniq_jessica, uniq_natasha, uniq_ijyb, uniq_sigmund

Skill      XL: |  1  2  3  4 |
---------------+-------------+-----
Ranged Weapons | 4 5 |  5.0
Fighting       | 3 |  3.4
Armour         | |  0.6
Dodging        | |  1.5
Stealth        | |  1.5

Action                     |  1- 3 |  4- 6 || total
---------------------------+-------+-------++-------
   Fire: Shortbow          |    69 |    42 ||   111
Ability: Spit Poison       |    30 |    18 ||    48
    Use: Scroll            |     4 |     2 ||     6
         Potion            |       |     2 ||     2
 Armour: Leather armour    |     4 |       ||     4
         Ring mail         |    13 |    37 ||    50
  Dodge: Dodged            |    18 |    30 ||    48

Table legend:
 A = Non-vault XP
 B = Vault XP
 C = Vault XP percentage of total XP
 D = Non-vault monster count
 E = Vault monster count
 F = Vault count percentage of total count
                 A         B        C        D         E       F
            +---------+---------+-------+---------+---------+-------
      Total |     107 |      84 |  44.0 |      49 |       6 |  10.9
            +---------+---------+-------+---------+---------+-------
        D:1 |      25 |       0 |   0.0 |      16 |       0 |   0.0
        D:2 |      60 |       9 |  13.0 |      21 |       4 |  16.0
        D:3 |      22 |      75 |  77.3 |      12 |       2 |  14.3
            +---------+---------+-------+---------+---------+-------
